 Dungeon Crawl Stone Soup version 0.30-a0-1157-g2cc9ac7196 (webtiles) character file.

Game seed: 1827573512035102258

1606 jasper the Magician (level 8, -2/36 HPs)
             Began as a Spriggan Conjurer on Apr 24, 2023.
             Slain by a yak (14 damage)
             ... on level 5 of the Dungeon.
             The game lasted 00:09:25 (5107 turns).

jasper the Magician (Spriggan Conjurer)             Turns: 5107, Time: 00:09:25

Health: -2/36      AC:  2    Str:  3    XL:     8   Next: 63%
Magic:  12/28      EV: 17    Int: 21    God:
Gold:   224        SH:  0    Dex: 14    Spells: 2/21 levels left

rFire   x . .        f - +11 quick blade of Utsiemm Budgh {freeze, rElec rCorr}
rCold   + . .        (no shield)
rNeg    . . .        a - +0 robe
rPois   .            (helmet restricted)
rElec   +            (no cloak)
rCorr   +            (gloves unavailable)
SInv    +            (boots unavailable)
Will    +....        (no amulet)
Stlth   ++           y - ring of magical power
HPRegen 0.26/turn    x - ring of ice
MPRegen 0.21/turn

%: no passive effects
@: studying Maces & Flails, very quick
A: very small, no large weapons, unfitting armour, see invisible, speed 3
a: no special abilities


You were on level 5 of the Dungeon.
You visited 1 branch of the dungeon, and saw 6 of its levels.

You collected 224 gold pieces.

Inventory:

Hand Weapons
 d - a +0 rapier
 e - a +3 short sword of electrocution
 f - the +11 quick blade of Utsiemm Budgh (weapon) {freeze, rElec rCorr}
   (You acquired it on level 3 of the Dungeon)

   rElec:     It insulates you from electricity.
   rCorr:     It protects you from acid and corrosion.
Armour
 a - a +0 robe (worn)
 n - a scarf of shadows
 t - a scarf of shadows
Jewellery
 x - a ring of ice (right hand)
 y - a ring of magical power (left hand)
Scrolls
 j - a scroll of vulnerability
 m - 2 scrolls of teleportation
 o - a scroll of immolation
 p - a scroll of enchant weapon
 r - a scroll of fog {unknown}
 s - a scroll of butterflies
Potions
 b - a potion of magic
 c - a potion of degeneration
 g - a potion of flight
 h - a potion of mutation
 i - 5 potions of curing
 k - a potion of brilliance
 l - 2 potions of might
 q - a potion of ambrosia
 u - a potion of attraction {unknown}
 w - 2 potions of lignification {unknown}


   Skills:
 - Level 2.6 Dodging
 - Level 3.0 Stealth
 - Level 7.0 Spellcasting
 - Level 6.0 Conjurations
 - Level 5.8 Hexes
 + Level 0.0 Necromancy
 - Level 6.0 Translocations
 + Level 0.0 Earth Magic


You had 2 spell levels left.
You knew the following spells:

 Your Spells              Type           Power      Damage    Failure   Level
a - Magic Dart            Conj           100%       1d8       1%          1
b - Searing Ray           Conj           64%        2d6       1%          2
c - Fulminant Prism       Conj/Hex       16%        3d10      8%          4
d - Iskenderun's Mystic   Conj/Tloc      32%        2d8       8%          4
e - Apportation           Tloc           64%        N/A       1%          1
f - Blink                 Tloc           64%        N/A       1%          2
g - Borgnjor's Vile Clut  Necr/Erth      3%         N/A       94%         5

Your spell library contained the following spells:

 Spells                   Type           Power      Damage    Failure   Level
 Lesser Beckoning         Tloc           64%        N/A       1%          2
 Momentum Strike          Conj/Tloc      64%        3d9       1%          2
 Necrotise                Necr           28%        1d5       9%          1
 Summon Small Mammal      Summ           28%        N/A       9%          1
 Dazzling Flash           Conj/Hex       64%        N/A       2%          3
 Volatile Blastmotes      Fire/Tloc      40%        2d13      8%          3
 Vampiric Draining        Necr           7%         2d6       26%         3
 Agony                    Necr           7%         N/A       94%         5
 Alistair's Intoxication  Tmut/Pois      4%         N/A       94%         5
 Starburst                Conj/Fire      10%        6d5       98%         6
 Eringya's Noxious Bog    Tmut/Pois      3%         N/A       100%        6


Dungeon Overview and Level Annotations

Branches:
Dungeon (6/15)
 Temple: D:4-7

Altars:

Annotations:
D:4 3 runed translucent doors, Pokonic1's ghost, amateur DsNe


Innate Abilities, Weirdness & Mutations

You are very small and have problems with some larger weapons.
You are too small for most types of armour.
You have supernaturally acute eyesight. (SInv)
You cover ground extremely quickly. (Speed+++)


Message History

You now have 16/28 mp.
The searing ray hits the yak!
The yak is heavily wounded.
The searing ray hits the yak.
The yak is heavily wounded.
The searing ray hits the yak but does no damage.
The yak is heavily wounded.
You finish channelling your searing ray.
The yak gores you.
You take 5 damage, and have 28/36 hp.
Casting: Searing Ray (safe; 1% risk of failure)
Confirm with . or Enter, or press ? or * to list all spells.
Aiming: Searing Ray (safe; 1% risk of failure)
Press: ? - help, Shift-Dir - straight line, f/p - yak
Aim: a yak (heavily wounded, 88% to hit)
The searing ray hits the yak.
The yak is severely wounded.
The searing ray hits the yak.
The yak is severely wounded.
The searing ray hits the yak!
The yak is severely wounded. (Press . to maintain the ray.)
The yak gores you!
You take 17 damage, and have 11/36 hp.
MASSIVE DAMAGE!!
You now have 14/28 mp.
The searing ray hits the yak!
The yak is almost dead.
The searing ray hits the yak.
The yak is severely wounded.
The searing ray hits the yak!
The yak is almost dead.
The yak completely misses you.
You now have 13/28 mp.
The searing ray hits the yak but does no damage.
The yak is almost dead.
The searing ray hits the yak!
The yak is almost dead.
The searing ray hits the yak.
You kill the yak!
The yak gores you!
You die...

#Y......# #...####
#..8..รท8###.###
#.........).#
#.Y..8..##### . #..######
... #..# ###########....
#..## ###..............
##..######................
#....)YY@.....#######....
#########....## . ###..##
#...##### ##.......###
#..........##
##...####....# #..###
###..# #..# #..#


You could see 2 yaks.

Vanquished Creatures
  Pikel (D:5)
  3 yaks (D:5)
  Edmund (D:5)
  An ice beast (D:5)
  3 lemures (D:5)
  A phantom (D:6)
  A scorpion (D:6)
  3 wights (D:6)
  3 hounds (D:6)
  A jelly (D:6)
  A sleepcap (D:6)
  2 iguanas
  An orc wizard (D:6)
  7 adders
  An ufetubus (D:6)
  A worm (D:2)
  2 dart slugs (D:1)
  6 orcs
  4 ball pythons (D:3)
  2 endoplasms
  4 giant cockroaches
  6 goblins
  5 hobgoblins
  2 quokkas
  2 bats (D:2)
  8 frilled lizards
  3 kobolds
  3 rats
78 creatures vanquished.

Vanquished Creatures (others)
  4 fulminant prisms (D:5)
4 creatures vanquished.

Grand Total: 82 creatures vanquished

Notes
Turn   | Place    | Note
-------+----------+-------------------------------------------
     0 | D:1      | jasper the Spriggan Conjurer began the quest for the Orb.
     0 | D:1      | Reached XP level 1. HP: 9/9 MP: 5/5
   388 | D:1      | Reached XP level 2. HP: 13/13 MP: 3/6
  1310 | D:2      | You fall into a shaft and drop 1 floor!
  1314 | D:3      | Learned a level 2 spell: Searing Ray
  1329 | D:2      | Reached XP level 3. HP: 16/16 MP: 2/8
  2303 | D:3      | Reached XP level 4. HP: 21/21 MP: 4/9
  2308 | D:3      | Learned a level 4 spell: Fulminant Prism
  2505 | D:3      | Identified the +6 whip of the Muttering Gods {antimagic,
                  | rC+}
  3019 | D:3      | Identified a scroll of acquirement
  3019 | D:3      | Acquired the +11 quick blade of Utsiemm Budgh {freeze,
                  | rElec rCorr}
  3028 | D:4      | Noticed an ogre
  3040 | D:4      | Found a runed translucent gate.
  3040 | D:4      | Found a runed translucent gate.
  3040 | D:4      | Found a runed translucent gate.
  3041 | D:4      | Noticed Pokonic1's ghost (amateur DsNe)
  3042 | D:4      | Noticed a kobold brigand
  3074 | D:5      | Entered Level 5 of the Dungeon
  3074 | D:5      | Noticed a yak
  3076 | D:5      | Noticed a gnoll sergeant
  3078 | D:5      | Noticed a yak
  3079 | D:5      | Noticed a yak
  3082 | D:5      | Noticed a yak
  3082 | D:5      | Noticed an ice beast
  3280 | D:6      | Reached XP level 5. HP: 24/24 MP: 4/10
  3386 | D:6      | Reached skill level 5 in Conjurations
  3622 | D:6      | Noticed a phantom
  3628 | D:6      | Killed a phantom
  3629 | D:6      | Reached XP level 6. HP: 28/28 MP: 1/11
  3907 | D:6      | Reached skill level 3 in Spellcasting
  3912 | D:6      | Learned a level 4 spell: Iskenderun's Mystic Blast
  4018 | D:6      | Reached skill level 4 in Spellcasting
  4057 | D:6      | Learned a level 1 spell: Apportation
  4073 | D:6      | Reached XP level 7. HP: 32/32 MP: 8/15
  4076 | D:6      | Learned a level 2 spell: Blink
  4133 | D:6      | Reached skill level 5 in Spellcasting
  4686 | D:5      | Noticed Edmund
  4698 | D:5      | Killed Edmund
  4699 | D:5      | Reached skill level 6 in Spellcasting
  4758 | D:5      | Reached skill level 7 in Spellcasting
  4764 | D:5      | Learned a level 5 spell: Borgnjor's Vile Clutch
  4929 | D:5      | Noticed Pikel
  4961 | D:5      | Killed Pikel
  4962 | D:5      | Reached XP level 8. HP: 12/36 MP: 6/19
  5090 | D:5      | Reached skill level 5 in Translocations
  5096 | D:5      | Reached skill level 5 in Hexes
  5107 | D:5      | Slain by a yak

Illustrated notes

Levels and vault maps discovered:
D:1:      dpeg_arrival_rooms_with_view, layout_basic, minmay_tromino_v4_b
D:2:      layout_basic
D:3:      layout_basic
D:4:      layout_rooms, gammafunk_ghost_nasty_kobolds, uniq_menkaure
D:5:      layout_layer_cave, nicolae_ossuary_entry_monument, serial_shops, shop,
          uniq_eustachio, uniq_pikel, uniq_edmund
D:6:      layout_basic

Skill      XL: |  1  2  3  4  5  6  7  8 |
---------------+-------------------------+-----
Conjurations   | 3 4 5 6 |  6.0
Spellcasting   | 4 7 |  7.0
Translocations | 4 6 |  6.0
Hexes          | 4 5 |  5.8
Dodging        | |  2.6
Stealth        | |  3.0

Action                     |  1- 3 |  4- 6 |  7- 9 || total
---------------------------+-------+-------+-------++-------
  Melee: Rapier            |     7 |       |       ||     7
         Short sword       |     7 |       |       ||     7
         Quick blade       |       |     7 |    10 ||    17
   Cast: Magic Dart        |    66 |    39 |    15 ||   120
         Searing Ray       |     5 |    19 |    13 ||    37
         Fulminant Prism   |       |       |     4 ||     4
    Use: Scroll            |     8 |     4 |     3 ||    15
 Armour: Robe              |     2 |     5 |       ||     7
  Dodge: Dodged            |    14 |    17 |    17 ||    48

Table legend: (Time is in decaauts)
 A = Elapsed time spent in this place.
 B = Non-inter-level travel time spent in this place.
 C = Inter-level travel time spent in this place.
 D = Time resting spent in this place.
 E = Time spent auto-exploring this place.
 F = Levels seen in this place.
 G = Mean time per level.
                   A        B        C        D        E       F      G
               +--------+--------+--------+--------+--------+-----+--------+
         Total |   4047 |   4007 |     40 |    199 |   3287 |   6 |  674.5 |
       Dungeon |   4047 |   4007 |     40 |    199 |   3287 |   6 |  674.5 |
               +--------+--------+--------+--------+--------+-----+--------+

Top non-repeatable levels by time:
     D:6: 1261 daAuts
     D:1: 1016 daAuts
     D:2: 648 daAuts
     D:3: 633 daAuts
     D:5: 452 daAuts
     D:4: 34 daAuts
